 Dungeon Crawl Stone Soup version 0.30-a0-364-gf6b3ef1049 (webtiles) character file.

Game seed: 4674293285167515661

5304 lesbiats the Grappler (level 10, -8/75 (100) HPs)
             Began as a Troll Fighter on Nov 14, 2022.
             Was a Priest of Wu Jian.
             Mangled by Urug
             ... wielding a +2 great sword of draining
              (15 damage)
             ... on level 8 of the Dungeon on Nov 15, 2022.
             The game lasted 00:34:20 (7365 turns).

lesbiats the Grappler (Troll Fighter)               Turns: 7365, Time: 00:34:20

HP:   -8/75 (100)   AC:  7    Str: 26    XL:     10   Next: 37%
MP:   9/9           EV: 10    Int:  8    God:    Wu Jian [***...]
Gold: 335           SH: 10    Dex: 15    Spells: 9/9 levels left

rFire   . . .      SeeInvis .      - Unarmed
rCold   . . .      Faith    .    b - +0 kite shield
rNeg    . . .      Spirit   .    R - +0 steam dragon scales
rPois   .          Reflect  .    (helmet restricted)
rElec   .          Harm     .    (no cloak)
rCorr   .          Rampage  .    (gloves unavailable)
Will    .....                    (boots unavailable)
Stlth   +.........               e - amulet of the acrobat
HPRegen 1.12/turn                k - +6 ring of dexterity
MPRegen 0.11/turn                (no ring)

@: very heavily drained
A: large, unfitting armour, claws 3, regeneration 1, shaggy fur 1, tough skin 1
a: Renounce Religion, Wall Jump, Serpent's Lash


You were on level 8 of the Dungeon.
You worshipped Wu Jian.
Wu Jian was most pleased with you.
You visited 3 branches of the dungeon, and saw 10 of its levels.

You collected 658 gold pieces.
You spent 323 gold pieces at shops.

Inventory:

Hand Weapons
 Q - the +10 trident of the Moon {venom, rPois}
   (You found it on level 8 of the Dungeon)

   It poisons the flesh of those it strikes.
   rPois:     It protects you from poison.
Missiles
 n - 7 boomerangs (quivered)
 p - 39 poisoned darts
 E - 6 silver javelins
 O - a throwing net
 P - 3 curare-tipped darts
Armour
 b - a +0 kite shield (worn)
 J - +0 acid dragon scales
 R - +0 steam dragon scales (worn)
Jewellery
 e - an amulet of the acrobat (around neck)
 k - a +6 ring of dexterity (left claw)
 C - a ring of protection from fire
 K - an amulet of faith
Wands
 t - a wand of iceblast (3)
 B - a wand of flame (16)
 L - a wand of acid (4)
 N - a wand of mindburst (19)
Scrolls
 d - 3 scrolls of fog
 i - 2 scrolls of noise {unknown}
 j - 2 scrolls of immolation {unknown}
 l - 3 scrolls of enchant armour
 m - a scroll of amnesia {unknown}
 o - 7 scrolls of magic mapping
 q - 3 scrolls of fear
 r - 2 scrolls of enchant weapon {unknown}
 s - 2 scrolls of teleportation {unknown}
 u - a scroll of acquirement {unknown}
 w - 2 scrolls of brand weapon {unknown}
 y - a scroll of vulnerability {unknown}
 D - 2 scrolls of torment
 F - 2 scrolls of poison {unknown}
Potions
 c - 2 potions of might
 f - 3 potions of berserk rage
 g - 2 potions of invisibility
 h - 4 potions of haste
 v - a potion of brilliance {unknown}
 x - 2 potions of attraction {unknown}
 z - 3 potions of degeneration
 A - 2 potions of lignification
 G - a potion of heal wounds
 H - a potion of cancellation {unknown}
 M - a potion of curing
Miscellaneous
 I - a piece from Xom's chessboard (15/15)


   Skills:
 + Level 6.7 Fighting
 + Level 4.2 Dodging
 + Level 7.3 Shields
 * Level 10.8 Unarmed Combat


You had 9 spell levels left.
You didn't know any spells.
Your spell library contained the following spells:

 Spells                   Type           Power      Damage    Failure   Level
 Yara's Violent Unravell  Hex/Tmut       0%         3d3       100%        5
 Enfeeble                 Hex            0%         N/A       100%        7


Dungeon Overview and Level Annotations

Branches:
Dungeon (8/15)             Temple (1/1) D:5            Lair (1/5) D:8

Altars:
Ashenzari
Cheibriados
Dithmenos
Elyvilon
Gozag
Hepliaklqana
Makhleb
Okawaru
Qazlal
Ru
Trog
Vehumet
Wu Jian
Yredelemnul
Zin
The Shining One

Shops:
D:3 (   D:5 (   D:6 !

Annotations:
D:8 Urug


Innate Abilities, Weirdness & Mutations

You are too large for most types of armour.
You have claws for hands.
Your natural rate of healing is unusually fast.
You are covered in fur. (AC +1)
You have tough skin. (AC +1)


Message History

Urug hits you with a +2 great sword of draining!
You feel drained.
You scratch Urug but do no damage.
Urug is severely wounded.
You scratch Urug but do no damage.
Urug is severely wounded.
You block Urug's attack.
You claw Urug!
Urug is almost dead.
Urug hits you with a +2 great sword of draining.
You feel drained.
You barely miss Urug.
Urug is almost dead.
You block Urug's attack.
You closely miss Urug.
Urug is almost dead.
Urug hits you with a +2 great sword of draining!!
You feel drained.
You are too injured to fight recklessly!
You are too injured to fight recklessly!
You barely miss Urug.
Urug is almost dead.
Urug hits you with a +2 great sword of draining.
You feel drained.
You closely miss Urug.
Urug is almost dead.
Urug hits you with a +2 great sword of draining.
You feel drained.
You scratch Urug but do no damage.
Urug is almost dead.
Urug looks more healthy.
Urug hits you with a +2 great sword of draining!!
* * * LOW HITPOINT WARNING * * *
You feel drained.
* * * LOW HITPOINT WARNING * * *
You closely miss Urug.
Urug is almost dead.
Urug suddenly cheers, as Orcs often do.
Urug hits you with a +2 great sword of draining!
You die...

# ##.P.......#.#.#....####### #
##....P[......#.............
######P................#.........
....##.P..♣........#####....###..
..........P......P..# #....# ##.
........P..PPP..P...# #....# #.
...........♣>.PP....# #....# ##
..##...P..♣†......P.# #....# #
..##.......P..♣.@P..# ##.### #
..##.#.......P.o..P.# #.# ###
.....#.....P♣♣(.....#####.#####).
.###.........(............#......
.# ###......(PP..##.#######.###..
#########..♣....###.# #...#..
........#.##..#.# #.# #.#†#..
######..#.##..#.# #.#######.#.#.#
#.##.##..#.# #...[..####.#..


You could see Urug.

Vanquished Creatures
  A tengu conjurer (D:8)
  2 wyverns (D:7)
  5 yaks
  A basilisk (D:8)
  2 steam dragons
  An acid dragon (D:5)
  4 water moccasins
  Duvessa (D:5)
  Pargi (D:3)
  2 orc warriors (D:6)
  A sky beast (D:6)
  2 black bears
  An ogre (D:4)
  The ghost of Heh the Trooper, an amateur OpRe (D:3)
  6 kobold brigands
  2 bullfrogs (D:8)
  A necrophage (D:6)
  4 wights (D:7)
  Dowan (D:5)
  4 killer bees (D:8)
  3 howler monkeys
  2 hounds
  5 orc priests
  2 gnoll boudas (D:7)
  6 iguanas
  Ijyb (D:3)
  5 orc wizards
  26 gnolls
  11 adders
  2 white imps
  6 worms
  5 dart slugs
  44 orcs
  4 bats
  10 endoplasms
  2 giant cockroaches
  11 goblins
  8 hobgoblins
  24 jackals
  5 quokkas
  9 ball pythons
  2 frilled lizards (D:3)
  19 kobolds
  6 rats
261 creatures vanquished.

Vanquished Creatures (others)
  4 fungi
  11 plants
  5 toadstools (D:1)
20 creatures vanquished.

Grand Total: 281 creatures vanquished

Notes
Turn   | Place    | Note
-------+----------+-------------------------------------------
     0 | D:1      | lesbiats the Troll Fighter began the quest for the Orb.
     0 | D:1      | Reached XP level 1. HP: 22/22 MP: 0/0
   177 | D:1      | Reached XP level 2. HP: 27/29 MP: 1/1
   693 | D:2      | Reached XP level 3. HP: 36/36 MP: 2/2
   719 | D:2      | Reached skill level 3 in Unarmed Combat
   819 | D:2      | Found a burning altar of Makhleb.
   830 | D:2      | Upgraded the game from 0.30-a0-360-g447f08457e to
                  | 0.30-a0-364-gf6b3ef1049
   856 | D:2      | Reached XP level 4. HP: 38/44 MP: 3/3
  1239 | D:3      | Noticed Pargi
  1264 | D:3      | Killed Pargi
  1265 | D:3      | Reached skill level 4 in Unarmed Combat
  1265 | D:3      | Reached XP level 5. HP: 41/53 MP: 4/4
  1291 | D:3      | Found a runed translucent door.
  1307 | D:3      | Reached XP level 6. HP: 61/61 MP: 5/5
  1326 | D:3      | Noticed Heh's ghost (amateur OpRe)
  1345 | D:3      | Killed Heh's ghost
  1346 | D:3      | Reached skill level 5 in Unarmed Combat
  1359 | D:3      | Found a runed translucent door.
  1593 | D:3      | Found Voaf's Weapon Boutique.
  1595 | D:3      | Noticed Ijyb
  1601 | D:3      | Killed Ijyb
  1611 | D:3      | Bought 6 poisoned darts for 33 gold pieces
  2123 | D:3      | Reached XP level 7. HP: 51/68 MP: 6/6
  2283 | D:4      | Reached skill level 6 in Unarmed Combat
  2321 | D:4      | Found a radiant altar of Vehumet.
  3149 | D:3      | Reached skill level 5 in Shields
  3149 | D:3      | Reached XP level 8. HP: 79/79 MP: 7/7
  3264 | D:4      | Reached skill level 7 in Unarmed Combat
  3592 | D:5      | Entered Level 5 of the Dungeon
  3595 | D:5      | Found Uqiekur's Weapon Boutique.
  3605 | D:5      | Bought 6 silver javelins for 158 gold pieces
  3677 | D:5      | Found a staircase to the Ecumenical Temple.
  3687 | Temple   | Entered the Ecumenical Temple
  3716 | Temple   | Became a worshipper of the Wu Jian Council
  4207 | D:5      | Reached skill level 5 in Fighting
  4283 | D:5      | Noticed Dowan
  4283 | D:5      | Noticed Duvessa
  4289 | D:5      | Killed Dowan
  4292 | D:5      | Killed Duvessa
  4293 | D:5      | Reached skill level 8 in Unarmed Combat
  4498 | D:6      | Reached * piety under Wu Jian
  4516 | D:6      | Found Keastraerch's Distillery.
  4523 | D:6      | Bought a potion of heal wounds for 55 gold pieces
  4523 | D:6      | Bought a potion of curing for 33 gold pieces
  4523 | D:6      | Bought a potion of might for 44 gold pieces
  4601 | D:6      | Reached XP level 9. HP: 77/88 MP: 8/8
  4669 | D:6      | Reached skill level 9 in Unarmed Combat
  4870 | D:6      | Found an opulent altar of Gozag.
  5002 | D:6      | Found a glowing golden altar of the Shining One.
  5174 | D:7      | Found a sacrificial altar of Ru.
  5269 | D:7      | Reached ** piety under Wu Jian
  5887 | D:8      | Identified the +10 trident of the Moon {venom, rPois}
  5945 | D:8      | Found a glowing silver altar of Zin.
  6172 | D:8      | Reached skill level 10 in Unarmed Combat
  6203 | D:7      | HP: 2/89 [wyvern (14)]
  6295 | D:7      | Reached XP level 10. HP: 88/100 MP: 9/9
  6328 | D:8      | Reached *** piety under Wu Jian
  6652 | D:8      | Found a staircase to the Lair.
  7138 | Lair:1   | Entered Level 1 of the Lair of Beasts
  7138 | Lair:1   | Noticed Urug
  7365 | D:8      | Mangled by Urug

Illustrated notes

Levels and vault maps discovered:
D:1:      dpeg_arrival_stonehenge_8_columns, layout_basic, nrook_uturn,
          serial_park_tiny_2, minmay_gold_behind_fungi, minmay_heptomino_l4
D:2:      layout_rooms, basic_altar
D:3:      layout_basic, ebering_ghost_sewer_f, serial_shops,
          nicolae_shop_bloodbath_and_beyond, uniq_pargi, uniq_ijyb
D:4:      lemuel_castle_with_subvaults [lemuel_castle_interior_carwin_3],
          layout_rooms, mainiacjoe_overflow_six_doors_small,
          kennysheep_generic_room_7
D:5:      layout_basic, minmay_temple_entry_glassed_door,
          hellmonk_bongcloud_opening, minmay_shop_grid_forest, uniq_duvessa
D:6:      layout_cave_pools, nicolae_gozag_cash_rules_everything_around_me,
          kennysheep_little_box, serial_shops, shop
D:7:      layout_loops_ring, mainiacjoe_overflow_chevrons
D:8:      layout_basic, lemuel_crystal_altar, minmay_lair_entry_grove,
          grunt_ministairs_6
Temple:   nicolae_temple_ecumenical_triangle
Lair:1:   layout_roguey, gammafunk_ghost_cemetery, grunt_megastairs_4, uniq_urug

Skill      XL: |  1  2  3  4  5  6  7  8  9 10 |
---------------+-------------------------------+-----
Shields        | 3 4 5 6 7 |  7.3
Unarmed Combat | 3 4 5 6 8 10 | 10.8
Fighting       | 3 4 5 6 |  6.7
Dodging        | 3 4 |  4.2

Action                   |  1- 3 |  4- 6 |  7- 9 | 10-12 || total
-------------------------+-------+-------+-------+-------++-------
Melee: Unarmed           |   106 |   107 |   458 |    89 ||   760
       Whip              |       |       |     4 |       ||     4
       Trident           |       |       |     5 |       ||     5
Throw: Boomerang         |       |     1 |     2 |       ||     3
       Dart              |       |       |       |     4 ||     4
Invok: Lunge             |       |       |    27 |     4 ||    31
       Whirlwind         |       |       |    16 |     1 ||    17
  Use: Scroll            |       |       |     7 |     3 ||    10
       Potion            |       |       |     2 |     1 ||     3
 Stab: Sleeping          |     1 |       |       |       ||     1
Armor: Robe              |    29 |    35 |    47 |       ||   111
       Acid dragon scale |       |       |    37 |       ||    37
       Steam dragon scal |       |       |    10 |    24 ||    34
Dodge: Dodged            |    46 |    38 |   214 |    32 ||   330
Block: Kite shield       |    42 |    52 |   215 |    39 ||   348

Table legend: (Time is in decaauts)
 A = Elapsed time spent in this place.
 B = Non-inter-level travel time spent in this place.
 C = Inter-level travel time spent in this place.
 D = Time resting spent in this place.
 E = Time spent auto-exploring this place.
 F = Levels seen in this place.
 G = Mean time per level.
                   A        B        C        D        E       F      G
               +--------+--------+--------+--------+--------+-----+--------+
         Total |   7392 |   6852 |    540 |    799 |   3967 |  10 |  739.2 |
       Dungeon |   7337 |   6821 |    516 |    799 |   3950 |   8 |  917.1 |
        Temple |     48 |     24 |     24 |      0 |     17 |   1 |   48.0 |
          Lair |      6 |      6 |      0 |      0 |      0 |   1 |    6.0 |
               +--------+--------+--------+--------+--------+-----+--------+

Top non-repeatable levels by time:
     D:8: 1288 daAuts
     D:4: 1249 daAuts
     D:3: 1211 daAuts
     D:7: 962 daAuts
     D:5: 783 daAuts
     D:1: 694 daAuts
     D:6: 671 daAuts
     D:2: 476 daAuts
  Temple: 48 daAuts
  Lair:1: 6 daAuts
